 Dungeon Crawl Stone Soup version 0.31-a0-177-g4aa6249778 (webtiles) character file.

Game seed: 2667184307155838095

54 qw the Chopper (level 3, 0/23 HPs)
             Began as a Gargoyle Fighter on June 18, 2023.
             Slain by Pargi (3 damage)
             ... in a sewer.
             The game lasted 00:00:54 (1576 turns).

qw the Chopper (Gargoyle Fighter)                   Turns: 1576, Time: 00:00:54

Health: 0/23       AC: 11    Str: 21    XL:     3   Next: 91%
Magic:  3/3        EV:  9    Int:  8    God:
Gold:   101        SH:  4    Dex:  9    Spells: 2/2 levels left

rFire   . . .        Y - +0 war axe
rCold   . . .        c - +0 buckler
rNeg    + . .        b - +0 scale mail
rPois   inf          (no helmet)
rElec   +            (no cloak)
rCorr   .            (no gloves)
SInv    .            i - +0 pair of boots
Will    .....        (no amulet) Stlth
                     (no ring)
HPRegen 0.23/turn    (no ring)
MPRegen 0.08/turn

%: no passive effects
@: no status effects
A: sickness immunity, AC +3, negative energy resistance 1, electricity
resistance, torment resistance 1, petrification resistance
a: no special abilities


You were in a sewer.
You visited 1 branch of the dungeon, and saw 3 of its levels.
You also visited: Sewer.

You collected 101 gold pieces.


Innate Abilities, Weirdness & Mutations

You are immune to sickness and miasma.
Your stone body is resilient. (AC +3)
You are immune to poison.
You resist negative energy. (rN+)
You are resistant to electric shocks. (rElec)
You are resistant to unholy torment.
You are immune to petrification.


   Skills:
 - Level 3.2 Fighting
 + Level 3.7 Axes
 - Level 3.2 Armour
 - Level 3.2 Shields


You had 2 spell levels left.
You didn't know any spells.
Your spell library was empty.

Inventory:

Hand Weapons
 k - a +0 whip
 Y - a +0 war axe (weapon)
Armour
 b - a +0 scale mail (worn)
 c - a +0 buckler (worn)
 i - a +0 pair of boots (worn)
Scrolls
 a - a scroll of teleportation {unknown}
 e - a scroll of identify
Potions
 d - a potion of might
 f - a potion of magic {unknown}
 g - a potion of brilliance {unknown}
 j - a potion of invisibility {unknown}

Dungeon Overview and Level Annotations

Branches:
Dungeon (3/15)              Sewer (1/1)

Altars:

Shops:
D:1 =

Annotations:
Sewer Pargi


Message History

You slash Pargi!
Pargi is heavily wounded.
Pargi bites you. Pargi claws you but does no damage. x2
You hit Pargi.
Pargi is severely wounded.
Pargi bites you. Pargi claws you but does no damage. x2
You hit Pargi.
Pargi is severely wounded.
You block Pargi's attack. Pargi misses you. Pargi claws you.
Pargi bites you but does no damage. Pargi claws you but does no damage. x2
You closely miss Pargi.
Pargi is severely wounded.
Pargi bites you but does no damage. Pargi barely misses you. Pargi claws you.
You barely miss Pargi.
Pargi is severely wounded.
Pargi bites you. Pargi claws you but does no damage. x2
You closely miss Pargi.
Pargi is heavily wounded.
Pargi barely misses you. Pargi claws you but does no damage.
Pargi barely misses you. Pargi bites you but does no damage.
You block Pargi's attack. Pargi claws you but does no damage.
You hit Pargi but do no damage.
Pargi is heavily wounded.
Pargi bites you. Pargi claws you but does no damage. x2
You barely miss Pargi.
Pargi is heavily wounded.
Pargi completely misses you. Pargi claws you but does no damage. x2
You barely miss Pargi.
Pargi is heavily wounded.
Pargi bites you but does no damage. Pargi claws you.
Pargi claws you but does no damage. Pargi bites you but does no damage.
Pargi completely misses you. You block Pargi's attack.
You closely miss Pargi.
Pargi is heavily wounded.
Pargi closely misses you. Pargi barely misses you.
Pargi claws you but does no damage.
You closely miss Pargi.
Pargi is moderately wounded.
Pargi barely misses you. Pargi claws you.
You die...

### #\# #.#
#+##+##.##+##+##+#
.................####
~~~~~~~.~~~~~~~~~#~~~
~~~~~~~\~~~~~~~~~#~~~
~~~~~~~.~~~~~~~~~#~~~
.............@...#
#+##+##)##'##T##+#
#.##.##.# #.##.##!#
#########


You could see Pargi.

Vanquished Creatures
  3 worms
  A dart slug (D:2)
  3 endoplasms
  3 giant cockroaches
  3 goblins (D:2)
  6 hobgoblins
  3 kobolds
  4 quokkas
  5 ball pythons
  4 bats (D:1)
  4 frilled lizards
39 creatures vanquished.

Notes
Turn   | Place    | Note
-------+----------+-------------------------------------------
     0 | D:1      | qw the Gargoyle Fighter began the quest for the Orb.
     0 | D:1      | Reached XP level 1. HP: 14/14 MP: 1/1
     0 | D:1      | 0 ||| qw: Version: 0.3-a-7-ge0c9b40
     0 | D:1      | 0 ||| qw: Game counter: 723
     0 | D:1      | 0 ||| qw: Always use a shield: true
     0 | D:1      | 0 ||| qw: God list: Okawaru
     0 | D:1      | 0 ||| qw: Allow faded altars: false
     0 | D:1      | 0 ||| qw: Do Orc after D:15 true
     0 | D:1      | 0 ||| qw: Do second Lair branch before Depths: true
     0 | D:1      | 0 ||| qw: Lair rune preference: random
     0 | D:1      | 0 ||| qw: Plans: Normal, Zot:1-4, Slime:5, God:TSO, Crypt,
                  | Tomb, Abyss, Pan, Hells, Win
     0 | D:1      | 0 ||| PLANNING D:1-11
   142 | D:1      | 142 ||| Stepping ~*~*~tactically~*~*~ (stealth).
   151 | D:1      | HP: 3/14 [hobgoblin (3)]
   153 | D:1      | Reached XP level 2. HP: 4/19 MP: 2/2
   594 | D:1      | Found a faded altar of an unknown god.
   604 | D:1      | Found Ecoal's Jewellery Shoppe.
   608 | D:1      | 608 ||| SHOPLISTING +5 ring of evasion (396 gold, have 51).
   608 | D:1      | 608 ||| SHOPLISTING +6 ring of strength (396 gold, have
                  | 51).
   608 | D:1      | 608 ||| SHOPLISTING amulet of faith (440 gold, have 51).
   608 | D:1      | 608 ||| SHOPLISTING ring of Herhenk {rN+ Dex+7} (458 gold,
                  | have 51).
   608 | D:1      | 608 ||| SHOPLISTING ring of ice (275 gold, have 51).
   608 | D:1      | 608 ||| SHOPLISTING ring of the Endless Expanse {*Corrode
                  | rC+ Str+7 Dex+6} (650 gold, have 51).
   784 | D:1      | 784 ||| UPGRADING to +0 pair of boots.
   789 | D:1      | 789 ||| READING scroll labelled CEMMEC COUCUY.
   790 | D:1      | 790 ||| READING scroll labelled ETZESTR RUSH.
   791 | D:1      | 791 ||| READING scroll labelled UDGHOC WOENNA VUNG.
   792 | D:1      | 792 ||| READING scroll labelled NAMATOALLA.
   810 | D:2      | 810 ||| STAIRDANCE
   813 | D:1      | Reached skill level 3 in Axes
   845 | D:2      | Reached XP level 3. HP: 23/23 MP: 3/3
   854 | D:2      | 854 ||| Stepping ~*~*~tactically~*~*~ (stealth).
   856 | D:2      | 856 ||| Stepping ~*~*~tactically~*~*~ (stealth).
  1071 | D:2      | 1071 ||| Stepping ~*~*~tactically~*~*~ (hiding).
  1112 | D:2      | 1112 ||| Stepping ~*~*~tactically~*~*~ (stealth).
  1114 | D:2      | 1114 ||| Stepping ~*~*~tactically~*~*~ (hiding).
  1448 | D:2      | 1448 ||| READING scroll labelled KUP IFUASEOK.
  1449 | D:2      | 1449 ||| READING scroll labelled QAMODGHECUC.
  1455 | D:3      | 1455 ||| PLANNING SEWER
  1487 | D:3      | 1487 ||| DROPPING +0 club.
  1499 | D:3      | Found a glowing drain.
  1513 | D:3      | 1513 ||| READING scroll labelled MAMIUN IFEOPP.
  1526 | D:3      | 1526 ||| Stepping ~*~*~tactically~*~*~ (water).
  1539 | Sewer    | Entered a sewer
  1559 | Sewer    | Noticed Pargi
  1572 | Sewer    | HP: 4/23 [Pargi (5)]
  1576 | Sewer    | Slain by Pargi

Levels and vault maps discovered:
D:1:      scummos_arrival_simple_crosswalls, layout_basic,
          shapermc_ecumenical_altar_mp_urbaneastern, serial_shops, shop
D:2:      layout_rooms
D:3:      layout_loops_corners, minitemple, cheibrodos_sewer_entry_drain,
          minmay_pentomino_pile, uniq_jessica
Sewer:    kennysheep_door_sewer

Skill      XL: |  1  2 |
---------------+-------+-----
Axes           | 2 3 |  3.7
Fighting       | |  3.2
Armour         | |  3.2
Shields        | |  3.2

Action                     || total
---------------------------++-------
  Melee: War axe           ||   146
    Use: Scroll            ||     7
 Armour: Scale mail        ||    91
  Dodge: Dodged            ||    82
  Block: Buckler           ||    30

Table legend:
 A = Non-vault XP
 B = Vault XP
 C = Vault XP percentage of total XP
 D = Non-vault monster count
 E = Vault monster count
 F = Vault count percentage of total count
                 A         B        C        D         E       F
            +---------+---------+-------+---------+---------+-------
      Total |      69 |       9 |  11.5 |      36 |       3 |   7.7
            +---------+---------+-------+---------+---------+-------
        D:1 |      33 |       0 |   0.0 |      18 |       0 |   0.0
        D:2 |      35 |       0 |   0.0 |      17 |       0 |   0.0
        D:3 |       1 |       7 |  87.5 |       1 |       2 |  66.7
      Sewer |       0 |       2 | 100.0 |       0 |       1 | 100.0
            +---------+---------+-------+---------+---------+-------
